 Dungeon Crawl Stone Soup version 0.31.0-4-g52a2dc7128 (webtiles) character file.

Game seed: 9306079385366819962

46 Arctor the Vexing (level 3, -3/21 HPs)
             Began as a Kobold Hexslinger on Jan 22, 2024.
             Slain by Crazy Yiuf
             ... wielding a +4 quarterstaff of chaos
              (12 damage)
             ... on level 2 of the Dungeon.
             The game lasted 00:01:15 (1533 turns).

Arctor the Vexing (Kobold Hexslinger)               Turns: 1533, Time: 00:01:16

Health: -3/21      AC:  2    Str:  5    XL:     3   Next: 95%
Magic:  3/5        EV: 15    Int: 14    God:
Gold:   122        SH:  0    Dex: 19    Spells: 3/5 levels left

rFire   . . .        a - +1 sling (heavy)
rCold   . . .        (no shield)
rNeg    . . .        c - +0 robe
rPois   .            (no helmet)
rElec   .            (no cloak)
rCorr   .            (no gloves)
SInv    .            (no boots)
Will    .....        (no amulet)
Stlth   +++          (no ring)
HPRegen 0.23/turn    (no ring)
MPRegen 0.09/turn

%: no passive effects
@: weak-willed, jinxed
A: small, no large weapons, nightstalker 3
a: no special abilities


You were on level 2 of the Dungeon.
You visited 1 branch of the dungeon, and saw 2 of its levels.

You collected 122 gold pieces.

Inventory:

Hand Weapons
 a - a +1 heavy sling (weapon)
Armour
 c - a +0 robe (worn)
Scrolls
 b - a scroll of poison
 e - a scroll of noise
 f - a scroll of brand weapon
 h - a scroll of blinking {unknown}
 i - a scroll of revelation
Potions
 g - a potion of heal wounds {unknown}


   Skills:
 + Level 1.7 Fighting
 + Level 3.2 Ranged Weapons
 + Level 2.8 Dodging
 + Level 1.8 Spellcasting
 + Level 3.2 Hexes
 + Level 1.4 Fire Magic


You had 3 spell levels left.
You knew the following spells:

 Your Spells              Type           Power      Damage    Failure   Level
a - Jinxbite              Hex            20%        N/A       10%         2

Your spell library contained the following spells:

 Spells                   Type           Power      Damage    Failure   Level
 Sigil of Binding         Hex            10%        N/A       19%         3
 Tukima's Dance           Hex            10%        N/A       19%         3
 Necrotise                Necr           4%         1d4       24%         1
 Inner Flame              Hex/Fire       7%         N/A       26%         3
 Frozen Ramparts          Ice            2%         1d1       58%         3
 Gell's Gravitas          Tloc           1%         N/A       58%         3
 Teleport Other           Tloc           1%         N/A       58%         3
 Vampiric Draining        Necr           1%         2d6       58%         3
 Cause Fear               Hex            5%         N/A       52%         4
 Dimensional Bullseye     Hex/Tloc       2%         N/A       77%         4
 Leda's Liquefaction      Alch/Erth      0%         N/A       94%         4
 Martyr's Knell           Necr/Summ      1%         N/A       94%         4
 Passage of Golubria      Tloc           1%         N/A       94%         4
 Petrify                  Alch/Erth      1%         N/A       94%         4
 Metabolic Englaciation   Hex/Ice        2%         N/A       98%         5
 Yara's Violent Unravell  Hex/Alch       2%         3d3       98%         5
 Curse of Agony           Necr           1%         N/A       100%        5
 Dispersal                Tloc           0%         N/A       100%        6


Dungeon Overview and Level Annotations

Branches:
Dungeon (2/15)

Altars:

Annotations:
D:2 Crazy Yiuf


Innate Abilities, Weirdness & Mutations

You are small and have problems with some larger weapons.
You are completely attuned to the shadows.


Message History

Could not explore, unopened runed door.
As you read the scroll labelled SUOLUL CEOXT, it crumbles to dust.
You feel aware of your surroundings.
It was a scroll of revelation.
As you read the scroll labelled XAOCIL TUUTIPU, it crumbles to dust.
You assume a fearsome visage.
Nothing appears to happen.
It was a scroll of fear.
Crazy Yiuf laughs, "Scoff!
Castle Xom tea."
As you read the scroll labelled ARPHUO PYFFIG, it crumbles to dust.
A wave of despondency washes over your surroundings.
It was a scroll of vulnerability.
As you read the scroll labelled ZUGHAUNGICEA, it crumbles to dust.
You feel strangely unstable.
It was a scroll of teleportation.
Crazy Yiuf laughs, "Cake blue seventy!"
Your surroundings suddenly seem different.
There is an open door here.
You see here a +0 hammer of draining.
You see here a quokka skeleton.
Could not explore, unopened runed door.
No reachable target in view!
Could not explore, unopened runed door.
No reachable target in view!
You start memorising the spell.
You continue memorising. x2
Crazy Yiuf whimpers, "Lay return to song wrapper!"
You finish memorising.
Spell assigned to 'a'.
Casting: Jinxbite (safe; 10% risk of failure)
Confirm with . or Enter, or press ? or * to list all spells.
You don't know that spell.
You open the door.
Crazy Yiuf grits, "Mugger broken tired!"
Casting: Jinxbite (safe; 10% risk of failure)
Confirm with . or Enter, or press ? or * to list all spells.
You beckon some vexing sprites to accompany your attacks.
You feel your willpower being sapped.
Crazy Yiuf hits you with a +4 quarterstaff of chaos!
Ouch! That really hurt!
You shoot a sling bullet. The sling bullet hits Crazy Yiuf!
Crazy Yiuf is severely wounded.
Crazy Yiuf hits you with a +4 quarterstaff of chaos!
Ouch! That really hurt!
You die...

#..#....#......###..###
##......#......# ##.#
###....#......# ##'#
############# #..#
♣♣♣♣♣♣♣♣# #..#
♣♣♣♣♣♣♣♣♣ #..#
*####♣♣♣♣♣♣♣#####.##
*)..#♣♣♣♣♣♣.'.....#
*...g@♣♣♣♣......### #
*...#♣..♣÷....)## #
*####♣♣♣.♣.♣'.## ##
♣♣♣♣♣♣♣♣♣♣♣### #.
♣♣##♣♣♣♣♣ #. ### #.
#.#### ##. #....# #..
####.# #..


You could see Crazy Yiuf.

Vanquished Creatures
  An adder (D:2)
  A dart slug (D:1)
  5 endoplasms
  A giant cockroach (D:1)
  2 goblins
  5 hobgoblins
  2 quokkas
  3 ball pythons
  4 bats
  2 frilled lizards
  4 kobolds
  4 rats
34 creatures vanquished.

Notes
Turn   | Place    | Note
-------+----------+-------------------------------------------
     0 | D:1      | Arctor the Kobold Hexslinger began the quest for the Orb.
     0 | D:1      | Reached XP level 1. HP: 12/12 MP: 2/2
    51 | D:1      | Reached XP level 2. HP: 16/16 MP: 3/3
   389 | D:1      | Reached XP level 3. HP: 20/20 MP: 5/5
  1303 | D:2      | Found a runed translucent door.
  1306 | D:2      | Noticed Crazy Yiuf
  1531 | D:2      | Learned a level 2 spell: Jinxbite
  1533 | D:2      | Slain by Crazy Yiuf

Illustrated notes

Levels and vault maps discovered:
D:1:      wander_arrival_lonely_grave, layout_rooms, patterned_corridor
D:2:      layout_basic, serial_curves, eino_curves_02, eino_curves_01,
          eino_curves_04, eino_curves_04, skrybe_limestone_x, roderic_lattice_a,
          uniq_crazy_yiuf_cottage

Skill      XL: |  1  2 |
---------------+-------+-----
Ranged Weapons | 3 |  3.2
Fighting       | |  1.7
Dodging        | |  2.8
Spellcasting   | |  1.8
Hexes          | |  3.2
Fire Magic     | |  1.4

Action                     || total
---------------------------++-------
   Fire: Sling             ||    78
   Cast: Jinxbite          ||     1
    Use: Scroll            ||     7
 Armour: Robe              ||    10
  Dodge: Dodged            ||    24
